 Dungeon Crawl Stone Soup version 0.24.0-13-gcf9b3192b9 (webtiles) character file.

Game seed: 15438190685435382112, levelgen mode: deterministic

214 Delamore the Chopper (level 5, 0/45 HPs)
             Began as a Hill Orc Fighter on Nov 10, 2019.
             Was a Follower of Okawaru.
             Slain by an ice beast (2 damage)
             ... on level 3 of the Dungeon.
             The game lasted 00:04:08 (2240 turns).

Delamore the Chopper (Hill Orc Fighter)             Turns: 2240, Time: 00:04:09

Health: 0/45       AC:  6    Str: 20    XL:     5   Next: 92%
Magic:  5/5        EV:  7    Int:  8    God:    Okawaru [*.....]
Gold:   143        SH:  9    Dex: 10    Spells: 4/4 levels left

rFire    . . .     SeeInvis .   a - +0 war axe
rCold    . . .     Gourm    .   c - +0 shield
rNeg     . . .     Faith    .   b - +0 scale mail
rPois    +         Spirit   .   (no helmet)
rElec    .         Reflect  .   (no cloak)
rCorr    .         Harm     .   (no gloves)
MR       .....                  (no boots)
Stlth    ..........             (no amulet)
HPRegen  0.15/turn              q - ring of poison resistance
MPRegen  0.09/turn              (no ring)

@: no status effects
A: no striking features
a: Heroism, Renounce Religion


You were on level 3 of the Dungeon.
You worshipped Okawaru.
Okawaru was aware of your devotion.
You were not hungry.

You visited 1 branch of the dungeon, and saw 3 of its levels.

You collected 143 gold pieces.

Inventory:

Hand Weapons
 a - a +0 war axe (weapon)
Missiles
 h - 3 datura-tipped darts (quivered)
Armour
 b - a +0 scale mail (worn)
 c - a +0 shield (worn)
Jewellery
 q - a ring of poison resistance (left hand)
Scrolls
 e - 3 scrolls of remove curse {unknown}
 g - a scroll of fog {unknown}
 i - 2 scrolls of random uselessness {unknown}
 j - a scroll of teleportation {unknown}
 o - a scroll of fear {unknown}
 p - 6 scrolls of identify {unknown}
Potions
 d - a potion of might
 k - a potion of curing {unknown}
 l - a potion of berserk rage {unknown}
 m - 2 potions of mutation {unknown}
 n - a potion of lignification {unknown}
 r - a potion of degeneration {unknown}
Comestibles
 f - 6 rations
 s - 4 chunks of flesh


   Skills:
 - Level 3.6 Fighting
 + Level 7.9 Axes
 - Level 3.2 Armour
 - Level 3.2 Shields


You had 4 spell levels left.
You didn't know any spells.
Your spell library was empty.

Dungeon Overview and Level Annotations

Branches:
Dungeon (3/15)

Altars:
Hepliaklqana
Kikubaaqudgha
Okawaru
Trog
Uskayaw
Xom


Message History

You barely miss the ice beast.
The ice beast is almost dead.
The ice beast hits you but does no damage.
Some of the chunks of flesh in your inventory have rotted away.
You barely miss the ice beast.
The ice beast is almost dead.
The ice beast hits you but does no damage.
You hit the ice beast but do no damage.
The ice beast is almost dead.
The ice beast hits you.
* * * LOW HITPOINT WARNING * * *
The ice beast freezes you!
* * * LOW HITPOINT WARNING * * *
Your shield and scale mail prevent you from hitting the ice beast.
The ice beast is almost dead.
The ice beast hits you but does no damage.
Your shield and scale mail prevent you from hitting the ice beast.
The ice beast is almost dead.
The ice beast hits you.
You die...

###########.###########
#.# #.# ###### #.#
...... #.# ....######.#
#.........####### ##
####...####........# .##
#......@..#...####.#####
#.##
#.##..Y##...............
.#.# .......
###...####.##### ..####
#.###.. #..## #.# .....#
. ...####..#####.#
.###.# ###..)..........#
.# #.# .#######'#######
.# #.# .# ##...## .# #.#
###.# ##.....##


You could see an ice beast.

Vanquished Creatures
  2 orc priests (D:2)
  A killer bee zombie (D:3)
  3 adders
  3 gnolls (D:3)
  3 worms
  A dart slug (D:1)
  2 leopard geckos
  3 orcs
  5 bats
  9 giant cockroaches
  8 goblins
  5 hobgoblins
  6 kobolds
  4 quokkas
  A ball python (D:2)
  2 frilled lizards
  10 rats
68 creatures vanquished.

Notes
Turn   | Place    | Note
-------+----------+-------------------------------------------
     0 | D:1      | Delamore the Hill Orc Fighter began the quest for the Orb.
     0 | D:1      | Reached XP level 1. HP: 19/19 MP: 1/1
    36 | D:1      | Reached skill level 3 in Axes
   120 | D:1      | Reached XP level 2. HP: 26/26 MP: 2/2
   188 | D:1      | Reached skill level 4 in Axes
   593 | D:1      | Reached XP level 3. HP: 31/31 MP: 3/3
   890 | D:2      | Reached skill level 5 in Axes
   907 | D:2      | Found a bloodstained altar of Trog.
   992 | D:2      | Reached skill level 6 in Axes
   992 | D:2      | Reached XP level 4. HP: 39/39 MP: 4/4
  1032 | D:2      | Found a faded altar of an unknown god.
  1037 | D:2      | Became a worshipper of Warmaster Okawaru
  1037 | D:2      | Reached * piety under Okawaru
  1090 | D:2      | Reached XP level 5. HP: 34/45 MP: 5/5
  1434 | D:3      | Reached skill level 7 in Axes
  1556 | D:3      | Found a hide-covered altar of Uskayaw.
  1556 | D:3      | Found an ancient bone altar of Kikubaaqudgha.
  1726 | D:3      | Found a hazy altar of Hepliaklqana.
  1962 | D:3      | Found a shimmering altar of Xom.
  2230 | D:3      | Noticed an ice beast
  2238 | D:3      | HP: 1/45 [ice beast (12)]
  2240 | D:3      | Slain by an ice beast

Levels and vault maps discovered:
D:1:      scummos_arrival_simple_crosswalls, layout_basic
D:2:      layout_loops_ring, bloody_trog, chequers_ecumenical_altar_simple
D:3:      layout_loops_corners, lemuel_doored_altar,
          gammafunk_temple_overflow_elements, brannock_xom_greatest_gift

Skill      XL: |  1  2  3  4  5 |
---------------+----------------+-----
Axes           | 3 4 6 7 |  7.9
Fighting       | |  3.6
Armour         | |  3.2
Shields        | |  3.2

Action                   |  1- 3 |  4- 6 || total
-------------------------+-------+-------++-------
Melee: War axe           |   117 |   132 ||   249
  Eat: Chunk             |     1 |     4 ||     5
Armor: Scale mail        |    42 |    44 ||    86
Dodge: Dodged            |    31 |    56 ||    87
Block: Shield            |    55 |    59 ||   114
